 Dungeon Crawl Stone Soup version 0.28-a0-1339-ga5422284a4 (webtiles) character file.

Game seed: 16315892686637982516

104 vivovinco the Magician (level 4, -3/24 HPs)
             Began as a Deep Elf Hedge Wizard on Dec 28, 2021.
             Killed from afar by an orc wizard (9 damage)
             ... with a magic dart
             ... on level 3 of the Dungeon.
             The game lasted 00:15:16 (3914 turns).

vivovinco the Magician (Deep Elf Hedge Wizard)      Turns: 3914, Time: 00:15:17

Health: -3/24      AC:  5    Str:  7    XL:     4   Next: 52%
Magic:  4/14       EV: 17    Int: 21    God:
Gold:   80         SH:  0    Dex: 14    Spells: 9/15 levels left

rFire   . . .      SeeInvis +   a - +0 dagger
rCold   . . .      Faith    .   (no shield)
rNeg    . . .      Spirit   .   b - +0 robe
rPois   .          Reflect  .   c - +0 hat
rElec   .          Harm     .   (no cloak)
rCorr   .          Rampage  .   (no gloves)
Will    .....                   k - +2 pair of boots
Stlth   ++........              (no amulet)
HPRegen 0.08/turn               j - +4 ring of evasion
MPRegen 0.14/turn               l - ring of see invisible

@: very slightly contaminated
A: no striking features
a: no special abilities


You were on level 3 of the Dungeon.
You visited 1 branch of the dungeon, and saw 4 of its levels.

You collected 80 gold pieces.

Inventory:

Hand Weapons
 a - a +0 dagger (weapon)
 e - a +2 short sword of holy wrath
Missiles
 d - 177 stones (quivered)
 f - 41 arrows
 m - 27 bolts
Armour
 b - a +0 robe (worn)
 c - a +0 hat (worn)
 k - a +2 pair of boots (worn)
Jewellery
 j - a +4 ring of evasion (left hand)
 l - a ring of see invisible (right hand)
Scrolls
 g - 2 scrolls of magic mapping {unknown}
 i - a scroll of teleportation {unknown}
 n - a scroll of blinking {unknown}
Potions
 h - a potion of curing {unknown}


   Skills:
 + Level 0.1 Fighting
 + Level 0.3 Short Blades
 + Level 3.3 Dodging
 + Level 3.0 Stealth
 + Level 6.4 Spellcasting
 - Level 1.1 Conjurations
 - Level 0.3 Hexes
 - Level 1.1 Summonings
 + Level 1.1 Translocations


You had 9 spell levels left.
You knew the following spells:

 Your Spells              Type           Power      Damage    Failure   Level
a - Magic Dart            Conj           44%        1d5       6%          1
b - Call Imp              Summ           11%        N/A       9%          2
c - Blink                 Tloc           22%        N/A       9%          2
d - Slow                  Hex            32%        N/A       9%          1

Your spell library contained the following spells:

 Spells                   Type           Power      Damage    Failure   Level
 Conjure Flame            Conj/Fire      9%         6-21      22%         3
 Mephitic Cloud           Conj/Pois/Air  8%         N/A       24%         3


Dungeon Overview and Level Annotations

Branches:
Dungeon (4/15)
 Temple: D:4-7

Altars:

Shops:
D:1 *


Message History

Aim: an orc, wielding a +0 flail and wearing a +0 leather armour (100% to hit)
The magic dart hits the orc but does no damage.
Your white imp hits the orc priest.
Your white imp freezes the orc priest.
The orc priest closely misses your white imp.
Casting: Magic Dart (safe; 6% risk of failure)
Confirm with . or Enter, or press ? or * to list all spells.
Aiming: Magic Dart (safe; 6% risk of failure)
Press: ? - help, Shift-Dir - straight line, f/p - orc
Aim: an orc, wielding a +0 flail and wearing a +0 leather armour (100% to hit)
The magic dart hits the orc but does no damage.
Your white imp hits the orc priest but does no damage.
The orc hits your white imp with a +0 flail.
Casting: Magic Dart (safe; 6% risk of failure)
Confirm with . or Enter, or press ? or * to list all spells.
Aiming: Magic Dart (safe; 6% risk of failure)
Press: ? - help, Shift-Dir - straight line, f - orc priest, p - orc
Aim: an orc priest, wielding a +0 dagger and wearing a +0 leather armour (severely wounded, ally target, 100% to hit)
The magic dart hits the orc priest but does no damage.
The orc priest is severely wounded.
Your white imp closely misses the orc priest.
The orc hits your white imp but does no damage.
Casting: Magic Dart (safe; 6% risk of failure)
Confirm with . or Enter, or press ? or * to list all spells.
Aiming: Magic Dart (safe; 6% risk of failure)
Press: ? - help, Shift-Dir - straight line, f - orc wizard, p - orc priest
Aim: an orc wizard, wielding a +0 dagger and wearing a +0 robe (slightly transparent, 100% to hit)
The magic dart hits the orc wizard.
The orc wizard is lightly wounded.
Your white imp closely misses the orc.
The orc priest mumbles some strange prayers to Beogh against you.
Beogh smites you!
* * * LOW HITPOINT WARNING * * *
A dart slug comes into view.
The orc misses your white imp.
Your white imp hits the orc.
Your white imp freezes the orc.
The orc dies!
The orc priest barely misses your white imp.
The orc wizard points at you and mumbles some strange words.
The magic dart hits you!
You die...

#...###...## # #.........#
#######...#
##.######...#.##
......<....#...###
.............#...#
.................#
..............#..##
.......#........@.#####
................##....#
###....##....>..##.>..5)w..
#..####......###..oo.o... .
#......# #....#....
#......# #.........
#......# #>........
#......# ###..####.
######## +##


You could see an orc priest, an orc wizard (invisible), an orc and a friendly
white imp (summoned).

Vanquished Creatures
  An adder (D:2)
  A gnoll (D:2)
  A worm (D:2)
  A giant cockroach (D:1)
  4 hobgoblins (D:1)
  5 jackals
  3 kobolds
  3 quokkas
  4 ball pythons
  5 bats
  3 frilled lizards (D:1)
  3 goblins
  6 rats
40 creatures vanquished.

Vanquished Creatures (collateral kills)
  2 gnolls (D:2)
  An adder (D:2)
  2 orcs
  2 endoplasms (D:2)
  2 hobgoblins (D:1)
  2 jackals (D:2)
  A bat (D:1)
  2 kobolds (D:1)
14 creatures vanquished.

Vanquished Creatures (others)
  12 plants (D:3)
12 creatures vanquished.

Grand Total: 66 creatures vanquished

Notes
Turn   | Place    | Note
-------+----------+-------------------------------------------
     0 | D:1      | vivovinco the Deep Elf Hedge Wizard began the quest for the
                  | Orb.
     0 | D:1      | Reached XP level 1. HP: 10/10 MP: 7/7
   295 | D:1      | Found Noum's General Store.
   306 | D:1      | Reached skill level 5 in Spellcasting
   365 | D:1      | Found a faded altar of an unknown god.
   384 | D:1      | Reached XP level 2. HP: 8/15 MP: 7/10
   522 | D:1      | Learned a level 2 spell: Call Imp
   525 | D:1      | Learned a level 2 spell: Blink
   527 | D:1      | Learned a level 1 spell: Slow
  2487 | D:2      | Reached XP level 3. HP: 19/19 MP: 4/12
  2708 | D:2      | Reached skill level 6 in Spellcasting
  2846 | D:2      | Reached XP level 4. HP: 24/24 MP: 8/14
  3914 | D:3      | Killed from afar by an orc wizard

Illustrated notes

Levels and vault maps discovered:
D:1:      minmay_arrival_shattered_statue, layout_loops_cross,
          dreamdust_ecumenical_altar_angels_and_demons, serial_shops, shop,
          hangedman_decor_growths, minmay_hedge_maze, chequers_arboretum,
          minmay_liquid_box
D:2:      layout_basic, minmay_misc_feat_roman
D:3:      minmay_bubble_buster, layout_rooms, gup_sewer_entry_bowl,
          chequers_serial_rivers_micro_b, roderic_serpentine_path,
          lexackson_kobold_supper
D:4:      layout_rooms, amcnicky_altar_gilded

Skill      XL: |  1  2  3  4 |
---------------+-------------+-----
Spellcasting   | 5 6 |  6.4
Dodging        | 3 |  3.3
Stealth        | 3 |  3.0
Fighting       | |  0.1
Short Blades   | |  0.3
Conjurations   | |  1.1
Hexes          | |  0.3
Summonings     | |  1.1
Translocations | |  1.1

Action                   |  1- 3 |  4- 6 || total
-------------------------+-------+-------++-------
Melee: Dagger            |    59 |    63 ||   122
 Cast: Magic Dart        |    69 |    34 ||   103
       Slow              |    12 |     1 ||    13
       Call Imp          |    11 |     6 ||    17
 Stab: Sleeping          |     4 |     3 ||     7
       Distracted        |     1 |       ||     1
Armor: Robe              |    15 |    28 ||    43
Dodge: Dodged            |    55 |   106 ||   161

Table legend: (Time is in decaauts)
 A = Elapsed time spent in this place.
 B = Non-inter-level travel time spent in this place.
 C = Inter-level travel time spent in this place.
 D = Time resting spent in this place.
 E = Time spent auto-exploring this place.
 F = Levels seen in this place.
 G = Mean time per level.
                   A        B        C        D        E       F      G
               +--------+--------+--------+--------+--------+-----+--------+
         Total |   3922 |   3733 |    189 |   1374 |   1589 |   4 |  980.5 |
       Dungeon |   3922 |   3733 |    189 |   1374 |   1589 |   4 |  980.5 |
               +--------+--------+--------+--------+--------+-----+--------+

Top non-repeatable levels by time:
     D:1: 2179 daAuts
     D:2: 1462 daAuts
     D:3: 273 daAuts
     D:4: 5 daAuts
